 Dungeon Sprint DCSS version 0.16-a0-3606-g1520cdc (webtiles) character file.

6813 BluebellGnoll the Spry (level 10, -4/50 HPs)
             Began as a Deep Elf Fire Elementalist on Jan 13, 2015.
             Was the Champion of Vehumet.
             Shot with a bolt by a yaktaur (32 damage)
             ... in the Dungeon (Sprint V: "Ziggurat Sprint").
             The game lasted 00:26:46 (834 turns).

BluebellGnoll the Spry (Deep Elf Fire Elementalist)  Turns: 834, Time: 00:26:46

Health: -4/50      AC:  9    Str:  5    XL:     10   Next: 77%
Magic:  29/35      EV: 17    Int: 42    God:    Vehumet [******]
Gold:   0          SH: 27    Dex: 15    Spells: 10 memorised, 3 levels left

rFire  . . .     SeeInvis .     n - staff of energy
rCold  . . .     Clarity  .     V - +2 robe {Archmagi}
rNeg   + + +     SustAb   .     v - +18 shield of the gong {rElec rN+ MR+ EV-5}
rPois  .         Gourm    .     Q - +2 helmet {Int+3}
rElec  +         Spirit   .     X - +0 cloak
rCorr  .         Warding  .     (no gloves)
rMut   .         NoTele   +     (no boots)
MR     +++..                    R - amulet of Midnight {+Rage rN++ MR+ Int+3}
Stlth  ++........               q - +6 ring of intelligence
                                r - +6 ring of intelligence

@: extremely resistant to hostile enchantments, unstealthy
A: no striking features
a: Renounce Religion, Evoke Berserk Rage


You were in the Dungeon.
You worshipped Vehumet.
Vehumet was exalted by your worship.
You were not hungry.

You visited 1 branch

Inventory:

Hand weapons
 u - the +14 obsidian axe {chop, +Fly Str+3 SInv Curse}
   (You found it in the Dungeon)

   It inflicts extra damage upon your enemies.
   It affects your strength (+3).
   It enhances your eyesight.
   It lets you fly.
   It may recurse itself when equipped.
 O - a cursed +5 quick blade of freezing
Armour
 v - the +18 shield of the gong (worn) {rElec rN+ MR+ EV-5}
   (You found it in the Dungeon)

   It affects your evasion (-5).
   It insulates you from electricity.
   It protects you from negative energy.
   It affects your resistance to hostile enchantments.
 J - a +5 fire dragon armour
 M - a +5 ice dragon armour
 Q - a +2 helmet of intelligence (worn)
 V - a +2 robe of the Archmagi (worn)
 X - a +0 cloak (worn)
Magical staves
 n - an uncursed staff of energy (weapon)
 P - an uncursed staff of conjuration
Rods
 b - a +3 rod of the swarm (10/10)
   (You took it off a deep elf priest in the Dungeon)
Jewellery
 o - an uncursed ring of protection from fire
 q - a +6 ring of intelligence (right hand)
 r - a +6 ring of intelligence (left hand)
 R - the amulet of Midnight (around neck) {+Rage rN++ MR+ Int+3}
   (You found it in the Dungeon)

   [amulet of rage]

   It affects your intelligence (+3).
   It greatly protects you from negative energy.
   It affects your resistance to hostile enchantments.
   It lets you go berserk.
 W - an uncursed ring of protection from magic
 Y - the amulet "Ydejeig" {rCorr rElec rPois Int-2}
   (You took it off a deep elf conjurer in the Dungeon)

   [amulet of resist corrosion]

   It protects you from acid and corrosion.
   It affects your intelligence (-2).
   It insulates you from electricity.
   It protects you from poison.
Magical devices
 j - a wand of disintegration (7)
 k - a wand of fire (5)
 l - a wand of cold (5)
 m - a wand of draining (5)
Scrolls
 i - 4 scrolls of blinking
 y - 4 scrolls of amnesia
 z - 3 scrolls of recharging
 A - 7 scrolls of fog
 B - a scroll of holy word
 C - 4 scrolls of identify
 D - 4 scrolls of remove curse
 E - 2 scrolls of fear
Potions
 d - 9 potions of curing
 e - 9 potions of heal wounds
 f - 6 potions of haste
 g - 7 potions of magic
 h - 3 potions of berserk rage
 F - a potion of brilliance
 G - 2 potions of invisibility
 H - 2 potions of restore abilities
 I - 4 potions of resistance
 K - 5 potions of agility
 L - 4 potions of might
Books
 p - Focwatto's Incunabulum of Blows and Bruises and Feathers
   (You found it in the Dungeon)

   Spells                             Type                      Level
   a - Swiftness                      Charms/Air                   2
   b - Static Discharge               Conjuration/Air              3
   c - Force Lance                    Conjuration/Translocation    4
   d - Lightning Bolt                 Conjuration/Air              5
   e - Conjure Ball Lightning         Conjuration/Air              6
Miscellaneous
 a - an ornate deck of summoning
 s - a plain deck of wonders
 t - a fan of gales
 N - a lantern of shadows
 S - a phial of floods
Comestibles
 c - 5 bread rations
 w - 42 fruits
 x - 4 meat rations
 T - 11 chunks of flesh


   Skills:
 - Level 9.6 Armour
 - Level 17.8 Dodging
 - Level 2.4 Stealth
 - Level 6.1 Shields
 + Level 16.6 Spellcasting
 - Level 12.0 Conjurations
 - Level 3.2 Fire Magic
 * Level 6.2 Ice Magic
 - Level 4.2 Air Magic


You had 3 spell levels left.
You knew the following spells:

 Your Spells              Type           Power        Failure   Level  Hunger
a - Flame Tongue          Conj/Fire      #####        1%          1    None
b - Dazzling Spray        Conj/Hex       #######.     1%          3    None
d - Force Lance           Conj/Tloc      #######.     1%          4    None
e - Sticky Flame          Conj/Fire      #######.     1%          4    None
f - Fireball              Conj/Fire      #######...   1%          5    None
g - Mephitic Cloud        Conj/Pois/Air  #######.     1%          3    None
h - Bolt of Cold          Conj/Ice       ########..   2%          6    None
l - Freezing Cloud        Conj/Ice/Air   #######...   4%          6    None
s - Summon Butterflies    Summ           ######..     1%          1    None
x - Conjure Ball Lightni  Conj/Air       ########..   3%          6    None


Dungeon Overview and Level Annotations

Branches:
Dungeon (1/1)

Altars:
Ashenzari
Cheibriados
Dithmenos
Elyvilon
Fedhas
Gozag
Kikubaaqudgha
Makhleb
Nemelex Xobeh
Okawaru
Qazlal
Ru
Sif Muna
Trog
Vehumet
Xom
Yredelemnul
Zin
The Shining One
Beogh
Jiyva
Lugonu


Message History

* * * LOW HITPOINT WARNING * * *
The cyclops is engulfed in freezing vapours.
Unknown command.
Drink which item? (? for menu, Esc to quit)
You feel much better.
The centaur unwields a +1 dagger of venom.
It stops dripping with poison.
The centaur wields a shortbow.
The centaur shoots an arrow.
GONNNNG!
You block the arrow.
The centaur shoots an arrow.
The arrow hits you.
The yaktaur captain is engulfed in freezing vapours.
The cyclops is engulfed in freezing vapours.
The cyclops throws a large rock.
GONNNNG!
You block the large rock.
The yaktaur unwields the +9 dire flail of Woyk {crush, *Tele rC- rN+}.
The yaktaur wields a glowing arbalest.
It bursts into flame!
The yaktaur shoots a bolt.
The bolt hits you!!
Ouch! That really hurt!
You die... 8©8 ....Cc§c. ▓.ccccCC..▓

▓....§§§..▓
▓.........▓
▓.........▓
▓.........▓
▓.▓.....▓.▓
▓....@....▓
▓▓▓▓▓▓▓▓▓▓▓


You could see 3 yaktaur captains, 3 cyclopes, a yaktaur and 2 centaurs.

Vanquished Creatures
  A deep elf annihilator (D)
  A yaktaur captain (D)
  A deep elf summoner (D)
  2 deep elf conjurers (D)
  3 cyclopes (D)
  A yaktaur (D)
  A deep elf priest (D)
  A two-headed ogre (D)
  A raiju (D)
  A troll (D)
  A small abomination (D)
  A deep elf mage (D)
  A deep elf fighter (D)
  2 water moccasins (D)
  3 nagas (D)
  2 ogres (D)
  Sigmund (D)
  2 centaurs (D)
  Blork the orc (D)
  2 killer bees (D)
  A crimson imp (D)
  A quasit (D)
  Dowan (D)
  Crazy Yiuf (D)
  An orc wizard (D)
  Jessica (D)
  A mummy (D)
  2 shadow imps (D)
  4 adders (D)
  2 adder zombies (D)
  An orc (D)
  A ball python (D)
  A fungus (D)
47 creatures vanquished.

Notes
Turn   | Place    | Note
--------------------------------------------------------------
     0 | D        | BluebellGnoll, the Deep Elf Fire Elementalist, began the quest for the Orb.
     0 | D        | Reached XP level 1. HP: 10/10 MP: 5/5
     0 | D        | Found a viscous altar of Jiyva.
     0 | D        | Found a corrupted altar of Lugonu.
     0 | D        | Found a white marble altar of Elyvilon.
     2 | D        | Found a sparkling altar of Nemelex Xobeh.
     2 | D        | Found a burning altar of Makhleb.
     3 | D        | Found a deep blue altar of Sif Muna.
     3 | D        | Found a bloodstained altar of Trog.
     7 | D        | Found an iron altar of Okawaru.
    16 | D        | Found a radiant altar of Vehumet.
    25 | D        | Found a basalt altar of Yredelemnul.
    26 | D        | Found a shimmering altar of Xom.
    33 | D        | Reached skill level 6 in Shields
    33 | D        | Reached XP level 2. HP: 15/15 MP: 8/8
    48 | D        | Became a worshipper of Vehumet
    53 | D        | Entered arena 1.
    53 | D        | Noticed an orc wizard
    56 | D        | Killed an orc wizard
    56 | D        | Reached XP level 3. HP: 19/19 MP: 10/12
    64 | D        | Entered arena 2.
    67 | D        | Acquired Vehumet's first power
    67 | D        | Offered knowledge of Shock by Vehumet.
    75 | D        | Got the amulet of Midnight {+Rage rN++ MR+ Int+3}
    78 | D        | Got the +4 shortbow of a sewer {freeze, rN+ MR++ Str+3 Dex+4 SInv}
    83 | D        | Entered arena 3.
    83 | D        | Noticed a water moccasin
    88 | D        | Killed a water moccasin
    88 | D        | Reached skill level 8 in Dodging
    88 | D        | Reached XP level 4. HP: 8/24 MP: 15/15
    88 | D        | Reached XP level 5. HP: 9/28 MP: 18/18
   112 | D        | Learned a level 4 spell: Sticky Flame
   118 | D        | Learned a level 5 spell: Fireball
   219 | D        | Entered arena 4.
   219 | D        | Noticed a troll
   219 | D        | Noticed an ogre
   219 | D        | Noticed an ogre
   219 | D        | Noticed a two-headed ogre
   222 | D        | Killed an ogre
   222 | D        | Acquired Vehumet's second power
   222 | D        | Reached XP level 6. HP: 32/32 MP: 9/22
   223 | D        | Killed a two-headed ogre
   223 | D        | Reached skill level 9 in Spellcasting
   223 | D        | Reached skill level 10 in Conjurations
   223 | D        | Killed a troll
   223 | D        | Reached skill level 10 in Spellcasting
   223 | D        | Reached skill level 11 in Conjurations
   223 | D        | Reached XP level 7. HP: 36/36 MP: 5/28
   225 | D        | Killed an ogre
   239 | D        | Learned a level 3 spell: Mephitic Cloud
   246 | D        | Learned a level 6 spell: Freezing Cloud
   247 | D        | Entered arena 5.
   247 | D        | Noticed Sigmund
   247 | D        | Noticed Jessica
   247 | D        | Noticed Blork the orc
   247 | D        | Noticed Crazy Yiuf
   247 | D        | Noticed Dowan
   248 | D        | Killed Jessica
   248 | D        | Acquired Vehumet's third power
   248 | D        | Offered knowledge of Sting by Vehumet.
   250 | D        | Killed Blork the orc
   251 | D        | Killed Crazy Yiuf
   254 | D        | Killed Dowan
   255 | D        | Killed Sigmund
   255 | D        | Reached skill level 12 in Conjurations
   305 | D        | Identified Lee's Papyrus of Blistering Conjuration (You found it in the Dungeon)
   309 | D        | Learned a level 3 spell: Dazzling Spray
   454 | D        | Entered arena 6.
   454 | D        | Noticed a naga
   454 | D        | Noticed a water moccasin
   454 | D        | Noticed a naga
   454 | D        | Noticed a naga
   455 | D        | Killed a naga
   455 | D        | Offered knowledge of Stone Arrow by Vehumet.
   455 | D        | Reached skill level 1 in Air Magic
   455 | D        | Reached XP level 8. HP: 41/41 MP: 26/30
   455 | D        | Killed a naga
   455 | D        | Reached skill level 5 in Ice Magic
   455 | D        | Killed a water moccasin
   455 | D        | Reached skill level 10 in Dodging
   456 | D        | Killed a naga
   464 | D        | Identified Focwatto's Incunabulum of Blows and Bruises and Feathers (You found it in the Dungeon)
   469 | D        | Learned a level 4 spell: Force Lance
   469 | D        | Identified Focwatto's Incunabulum of Blows and Bruises and Feathers (You found it in the Dungeon)
   482 | D        | Identified Focwatto's Incunabulum of Blows and Bruises and Feathers (You found it in the Dungeon)
   484 | D        | Identified Focwatto's Incunabulum of Blows and Bruises and Feathers (You found it in the Dungeon)
   488 | D        | Entered arena 7.
   488 | D        | Noticed a raiju
   488 | D        | Noticed a quasit
   488 | D        | Noticed a small abomination
   488 | D        | Noticed a crimson imp
   489 | D        | Killed a crimson imp
   492 | D        | Killed a raiju
   493 | D        | Killed a quasit
   494 | D        | Killed a small abomination
   558 | D        | Entered arena 8.
   558 | D        | Noticed a yaktaur
   558 | D        | Noticed a cyclops
   558 | D        | Noticed a centaur
   558 | D        | Noticed a yaktaur captain
   558 | D        | Noticed a cyclops
   558 | D        | Noticed a centaur
   558 | D        | Noticed a cyclops
   560 | D        | Killed a centaur
   560 | D        | Reached skill level 13 in Dodging
   560 | D        | Reached XP level 9. HP: 45/45 MP: 20/32
   561 | D        | Killed a centaur
   561 | D        | Killed a cyclops
   561 | D        | Reached skill level 14 in Dodging
   563 | D        | Killed a cyclops
   563 | D        | Reached skill level 15 in Dodging
   563 | D        | Killed a cyclops
   563 | D        | Reached skill level 16 in Dodging
   563 | D        | Reached skill level 15 in Spellcasting
   565 | D        | Killed a yaktaur
   566 | D        | Killed a yaktaur captain
   566 | D        | Reached skill level 17 in Dodging
   566 | D        | Reached XP level 10. HP: 50/50 MP: 6/35
   623 | D        | Learned a level 6 spell: Conjure Ball Lightning
   625 | D        | Learned a level 1 spell: Summon Butterflies
   628 | D        | Got the amulet of Anarchy {Faith rN+ MR+}
   666 | D        | Entered arena 9.
   666 | D        | Noticed a deep elf summoner
   666 | D        | Noticed a deep elf conjurer
   666 | D        | Noticed a deep elf fighter
   666 | D        | Noticed a deep elf mage
   666 | D        | Noticed a deep elf annihilator
   666 | D        | Noticed a deep elf conjurer
   666 | D        | Noticed a deep elf priest
   669 | D        | Killed a deep elf fighter
   669 | D        | Offered knowledge of Olgreb's Toxic Radiance by Vehumet.
   669 | D        | Identified a +3 rod of the swarm (5/10)
   670 | D        | Killed a deep elf mage
   670 | D        | Killed a deep elf conjurer
   670 | D        | Reached skill level 5 in Armour
   671 | D        | Killed a deep elf summoner
   672 | D        | Killed a deep elf conjurer
   672 | D        | Killed a deep elf priest
   673 | D        | Killed a deep elf annihilator
   735 | D        | Got the amulet "Ydejeig" {rCorr rElec rPois Int-2}
   773 | D        | Learned a level 6 spell: Bolt of Cold
   832 | D        | Entered arena 10.
   832 | D        | Noticed a yaktaur
   832 | D        | Noticed a centaur
   832 | D        | Noticed a cyclops
   832 | D        | Noticed a cyclops
   832 | D        | Noticed a yaktaur captain
   832 | D        | Noticed a yaktaur captain
   832 | D        | Noticed a yaktaur captain
   832 | D        | Noticed a cyclops
   832 | D        | Noticed a centaur
   834 | D        | Identified the +9 dire flail of Woyk {crush, *Tele rC- rN+}
   834 | D        | Shot with a bolt by a yaktaur

Action                   |  1- 3 |  4- 6 |  7- 9 | 10-12 || total
-------------------------+-------+-------+-------+-------++-------
Melee: Broad axe         |     8 |     1 |     1 |       ||    10
 Cast: Fireball          |       |     2 |     7 |     2 ||    11
       Flame Tongue      |       |       |     9 |       ||     9
       Sticky Flame      |       |       |     1 |       ||     1
       Freezing Cloud    |       |       |     3 |     4 ||     7
       Force Lance       |       |       |     6 |     2 ||     8
Evoke: Staff of energy   |       |       |     5 |     8 ||    13
  Use: Potion            |     1 |     2 |     2 |     1 ||     6
       Scroll            |     1 |       |     2 |     1 ||     4
  Eat: Chunk             |       |       |       |     1 ||     1
